 Dungeon Crawl Stone Soup version 0.31-a0-538-gbc85326fa9 (webtiles) character file.

Game seed: 1523546924142411634

33 innerfire43 the Insei (level 3, 0/28 HPs)
             Began as a Gnoll Shapeshifter on Aug 13, 2023.
             Frozen to death by an endoplasm (4 damage)
             ... on level 1 of the Dungeon.
             The game lasted 00:00:37 (479 turns).

innerfire43 the Insei (Gnoll Shapeshifter)           Turns: 479, Time: 00:00:38

Health: 0/28       AC:  2    Str: 14    XL:     3   Next: 29%
Magic:  4/4        EV: 13    Int:  7    God:
Gold:   26         SH:  0    Dex: 14    Spells: 3/3 levels left

rFire   . .          .
                       - Unarmed
rCold   . . .        (shield currently unavailable)
rNeg    . . .        a - +0 animal skin
rPois   .            (no helmet)
rElec   .            (no cloak)
rCorr   .            (no gloves)
SInv    .            (no boots)
Will    +....        (no amulet)
Stlth   +            (no ring)
HPRegen 0.24/turn    (no ring)
MPRegen 0.09/turn

%: no passive effects
@: flux-form, enlightened, flying, glowing
A: glow, contaminating, fangs 1, strong nose, distributed training
a: Begin Untransformation


You were on level 1 of the Dungeon.
You were something dangerously unstable.
You visited 1 branch of the dungeon, and saw 1 of its levels.

You collected 26 gold pieces.

Inventory:

Armour
 a - a +0 animal skin (worn)
Talismans
 c - a beast talisman
 d - a flux talisman (active)
Scrolls
 e - a scroll of identify {unknown}
 h - a scroll of enchant weapon {unknown}
 i - a scroll of fear {unknown}
Potions
 b - a potion of lignification
 g - a potion of curing {unknown}


   Skills:
 + Level 2.6 Fighting
 + Level 0.7 Short Blades
 + Level 0.7 Long Blades
 + Level 0.7 Axes
 + Level 0.7 Maces & Flails
 + Level 0.7 Polearms
 + Level 0.7 Staves
 + Level 0.7 Ranged Weapons
 + Level 0.7 Throwing
 + Level 0.7 Armour
 + Level 4.5 Dodging
 + Level 0.7 Stealth
 + Level 0.7 Shields
 + Level 6.5 Unarmed Combat
 + Level 0.7 Spellcasting
 + Level 0.5 Conjurations
 + Level 0.5 Hexes
 + Level 0.5 Summonings
 + Level 0.5 Necromancy
 + Level 0.5 Translocations
 + Level 0.5 Transmutations
 + Level 0.5 Fire Magic
 + Level 0.5 Ice Magic
 + Level 0.5 Air Magic
 + Level 0.5 Earth Magic
 + Level 0.5 Poison Magic
 + Level 0.9 Invocations
 + Level 0.7 Evocations
 + Level 6.5 Shapeshifting


You had 3 spell levels left.
You didn't know any spells.
Your spell library was empty.

Dungeon Overview and Level Annotations

Branches:
Dungeon (1/15)

Altars:


Innate Abilities, Weirdness & Mutations

You are something dangerously unstable.
You glow with magical radiation, making you easy to see and hit.
Foes you strike become dangerously contaminated with magical radiation.
You are incapable of wielding weapons or throwing items.
You have very sharp teeth.
Your uncanny sense of smell can sniff out nearby items.
Your experience applies equally to all skills.


Message History

The bat is severely wounded.
The bat hits you but does no damage.
You barely miss the goblin. The bat barely misses you.
The goblin barely misses you. The bat closely misses you.
You hit the goblin.
The goblin begins to glow.
The goblin is heavily wounded.
The bat barely misses you. The goblin hits you with a +0 club.
Unknown command.
You hit the goblin.
You kill the goblin!
The bat misses you. The bat closely misses you.
Unknown command.
You hit the bat.
You kill the bat!
The endoplasm barely misses you. The endoplasm freezes you.
You are frozen.
The rat closely misses you. The endoplasm freezes you.
You are frozen.
* * * LOW HITPOINT WARNING * * *
Things that are here:
a +0 club; a bat corpse; a goblin corpse You hit the endoplasm.
The endoplasm begins to glow.
You bite the endoplasm.
The endoplasm is moderately wounded.
The endoplasm hits you.
* * * LOW HITPOINT WARNING * * *
The rat barely misses you.
You hit the endoplasm.
The endoplasm glows dangerously bright.
You bite the endoplasm.
You kill the endoplasm!
The endoplasm freezes you.
You are frozen.
* * * LOW HITPOINT WARNING * * *
The rat completely misses you.
It was a potion of enlightenment.
You feel very buoyant.
You fly up into the air.
The endoplasm freezes you.
You are frozen.
You die...

##...~..~~~. ...P~.~~~~P
#..P~~~~~.. #...~P~~.~.
#....~≈≈~~♣
#.###..P~.~≈~.. ##
#.....).†~~~~~... #.Jr♣
~P.# #.#.
#.B#.P~~~P..####... #.
#..#r.......##.....
##...#..#######.........
#.......)...............
#..........†............
#.....########.##[......
##...# ### #......).....
#..# ##.###............
#..###.#.##.#.##.......


You could see an endoplasm and a rat.

Vanquished Creatures
  2 dart slugs (D:1)
  4 ball pythons (D:1)
  3 bats (D:1)
  3 endoplasms (D:1)
  3 giant cockroaches (D:1)
  A hobgoblin (D:1)
  2 frilled lizards (D:1)
  5 goblins (D:1)
  2 kobolds (D:1)
  A rat (D:1)
26 creatures vanquished.

Notes
Turn   | Place    | Note
-------+----------+-------------------------------------------
     0 | D:1      | innerfire43 the Gnoll Shapeshifter began the quest for the
                  | Orb.
     0 | D:1      | Reached XP level 1. HP: 17/17 MP: 1/1
    84 | D:1      | Reached XP level 2. HP: 23/23 MP: 2/2
   414 | D:1      | Reached XP level 3. HP: 27/28 MP: 3/3
   479 | D:1      | Frozen to death by an endoplasm

Illustrated notes

Levels and vault maps discovered:
D:1:      lordsloth_arrival_two_stooges, layout_loops_ring, serial_bayou_pond_b

Action                     || total
---------------------------++-------
  Melee: Unarmed           ||    68
         Bite              ||    10
    Use: Potion            ||     1
 Armour: Animal skin       ||    12
  Dodge: Dodged            ||    63
   Form: Flux              ||     1

Table legend: (Time is in decaauts)
 A = Elapsed time spent in this place.
 B = Non-inter-level travel time spent in this place.
 C = Inter-level travel time spent in this place.
 D = Time resting spent in this place.
 E = Time spent auto-exploring this place.
 F = Levels seen in this place.
 G = Mean time per level.
                   A        B        C        D        E       F      G
               +--------+--------+--------+--------+--------+-----+--------+
         Total |    470 |    470 |      0 |      0 |    350 |   1 |  470.0 |
       Dungeon |    470 |    470 |      0 |      0 |    350 |   1 |  470.0 |
               +--------+--------+--------+--------+--------+-----+--------+

Top non-repeatable levels by time:
     D:1: 470 daAuts
